 Dungeon Crawl Stone Soup version 0.19-a0-1740-g0bcaf2e (webtiles) character file.

25 kae the Shield-Bearer (level 3, -3/30 HPs)
             Began as a Formicid Fighter on Oct 2, 2016.
             Slain by a gnoll
             ... wielding a +0 flail of holy wrath
              (13 damage)
             ... on level 1 of the Dungeon.
             The game lasted 00:00:27 (492 turns).

kae the Shield-Bearer (Formicid Fighter)             Turns: 492, Time: 00:00:28

Health: -3/30      AC:  6    Str: 21    XL:     3   Next: 17%
Magic:  3/3        EV:  8    Int:  7    God:
Gold:   60         SH:  9    Dex: 10    Spells: 0 memorised, 2 levels left

rFire  . . .     SeeInvis +     a - +0 long sword
rCold  . . .     Gourm    .     b - +0 scale mail
rNeg   . . .     Faith    .     c - +0 shield
rPois  .         Spirit   .     (helmet unavailable)
rElec  .         Dismiss  .     (no cloak)
rCorr  .         Reflect  .     (no gloves)
MR     .....     Harm     .     (no boots)
Stlth  ..........               (no amulet)
                                (no ring)
                                (no ring)

@: no status effects
A: permanent stasis, dig shafts and tunnels, four strong arms, antennae 3
a: Dig, Shaft Self


You were on level 1 of the Dungeon.
You were not hungry.

You visited 1 branch of the dungeon, and saw 2 of its levels.

You collected 60 gold pieces.

Inventory:

Hand Weapons
 a - a +0 long sword (weapon)
Armour
 b - a +0 scale mail (worn)
 c - a +0 shield (worn)
Jewellery
 m - an uncursed ring of protection from fire {unknown}
Scrolls
 g - a scroll of immolation {unknown}
 h - a scroll of magic mapping {unknown}
 i - 4 scrolls of recharging {unknown}
 k - a scroll of teleportation {unknown}
 l - a scroll of remove curse {unknown}
 o - a scroll of identify {unknown}
Potions
 d - a potion of might
 e - 2 potions of brilliance {unknown}
 j - a potion of curing {unknown}
Comestibles
 f - a bread ration
 n - a beef jerky
 p - a slice of pizza


   Skills:
 + Level 3.7 Fighting
 * Level 2.6 Long Blades
 - Level 3.2 Armour
 + Level 4.0 Shields


You had 2 spell levels left.
You didn't know any spells.

Dungeon Overview and Level Annotations

Branches:
Dungeon (2/15)

Altars:


Innate Abilities, Weirdness & Mutations

You are under a permanent stasis effect.
You can dig through walls and to a lower floor.
Your four strong arms can wield two-handed weapons with a shield.
You have a pair of large antennae on your head. (SInv)


Message History

You hit the gnoll.
The gnoll is severely wounded.
The gnoll hits you from afar with a spear.
The gnoll barely misses you. The gnoll hits you with a spear.
You block the gnoll's attack. The gnoll hits you but does no damage.
The gnoll hits you from afar with a spear.
The gnoll hits you but does no damage. The gnoll hits you but does no damage.
You block the gnoll's attack.
Found a stone staircase leading down.
There is a stone staircase leading up here.
You block the gnoll's attack.
The gnoll hits you from afar with a spear.
* * * LOW HITPOINT WARNING * * *
You climb upwards.
There is a stone staircase leading down here.
Unknown command.
You closely miss the gnoll.
The gnoll hits you with a flail of holy wrath!
You die...

#######......#.##..##..##..#
#........##.#..##..##..##..#
#........##.#..##..##.[##..#
#........##.#..#....#......#
#........##.#..#....##....##
#........##.#..##.<########
#.........#.#..####### ###
#........)..#........#####..
#..........@g........(.....#
#..........######..........#
#..........#######...(......
##.######..รท........###..#..
###.# #......(....#.......
#...# #...............###.
#.########.............### ##
#.........)...........##
#.#######............##


You could see a gnoll.

Vanquished Creatures
  An ooze (D:1)
  2 dart slugs (D:1)
  3 giant cockroaches (D:1)
  3 hobgoblins (D:1)
  A kobold (D:1)
  A ball python (D:2)
  3 bats (D:1)
  2 rats (D:1)
16 creatures vanquished.

Notes
Turn   | Place    | Note
-------+----------+-------------------------------------------
     0 | D:1      | kae the Formicid Fighter began the quest for the Orb.
     0 | D:1      | Reached XP level 1. HP: 18/18 MP: 1/1
   208 | D:1      | Reached XP level 2. HP: 22/24 MP: 2/2
   268 | D:1      | Reached XP level 3. HP: 28/29 MP: 3/3
   310 | D:1      | Reached skill level 4 in Shields
   492 | D:1      | Slain by a gnoll

Vault maps used:
D:1:      minmay_arrival_wavy_path, hangedman_decor_clover_reticule
D:2:      nicolae_gozag_cash_rules_everything_around_me,
          makhleb_heckhound_becter, serial_bayou, serial_bayou_pond_b,
          serial_bayou_lagoon_a, serial_bayou_shore_a, serial_bayou_pond_d

Skill      XL: |  1  2  3 |
---------------+----------+-----
Shields        | 4 |  4.0
Fighting       | |  3.7
Long Blades    | |  2.6
Armour         | |  3.2

Action                   || total
-------------------------++-------
Melee: Long sword        ||    40
Armor: Scale mail        ||    22
Dodge: Dodged            ||    13
Block: Shield            ||    31
